 Dungeon Crawl Stone Soup version 0.18.1-48-g4cf74bf (webtiles) character file.

940 Heedrag the Thaumaturge (level 7, -6/36 HPs)
             Began as a Deep Elf Conjurer on July 23, 2016.
             Mangled by a gnoll
             ... wielding a +0 spear
              (7 damage)
             ... on level 7 of the Dungeon.
             The game lasted 00:11:44 (4312 turns).

Heedrag the Thaumaturge (Deep Elf Conjurer)         Turns: 4312, Time: 00:11:45

Health: -6/36      AC:  3    Str:  7    XL:     7   Next: 88%
Magic:  2/22       EV: 13    Int: 20    God:
Gold:   174        SH:  0    Dex: 15    Spells: 3 memorised, 18 levels left

rFire  . . .     SeeInvis .     h - +4 spear (freeze)
rCold  . . .     Gourm    .     a - +0 robe
rNeg   + . .     Faith    .     (no shield)
rPois  .         Spirit   .     k - +0 helmet
rElec  .         Dismiss  .     (no cloak)
rCorr  .         Reflect  .     (no gloves)
SustAt .         Harm     .     (no boots)
MR     +....                    (no amulet)
Stlth  +++.......               p - ring of protection from magic
                                s - ring of positive energy

@: very slightly contaminated, somewhat resistant to hostile enchantments,
fairly stealthy
A: no striking features
a: no special abilities


You were on level 7 of the Dungeon.
You were not hungry.

You visited 1 branch of the dungeon, and saw 7 of its levels.

You collected 174 gold pieces.

Inventory:

Hand Weapons
 h - a +4 spear of freezing (weapon)
 z - a +1 halberd of freezing
Armour
 a - a +0 robe (worn)
 k - a +0 helmet (worn)
 v - a +0 buckler
Jewellery
 m - an uncursed ring of ice
 p - a ring of protection from magic (right hand)
 s - a ring of positive energy (left hand)
 E - a cursed ring of teleportation {unknown}
Wands
 D - a wand of lightning (11/15)
 F - a wand of random effects (12/48)
Scrolls
 f - 2 scrolls of fog {unknown}
 i - 3 scrolls of teleportation {unknown}
 j - 2 scrolls of blinking {unknown}
 n - a scroll of amnesia {unknown}
 u - 2 scrolls of remove curse {unknown}
 w - 6 scrolls of identify {unknown}
 x - 2 scrolls of magic mapping {unknown}
 y - 2 scrolls of noise {unknown}
 A - 2 scrolls of recharging {unknown}
 B - 2 scrolls of enchant weapon {unknown}
 G - a scroll of summoning {unknown}
Potions
 d - a potion of flight {unknown}
 e - a potion of agility {unknown}
 g - 3 potions of heal wounds {unknown}
 l - 4 potions of curing {unknown}
 o - a potion of degeneration {unknown}
 q - a potion of cancellation {unknown}
 t - a potion of lignification {unknown}
 C - a potion of magic {unknown}
Books
 b - a book of Conjurations

   Spells                             Type                      Level
   a - Magic Dart                     Conjuration                  1
   b - Searing Ray                    Conjuration                  2
   c - Dazzling Spray                 Conjuration/Hexes            3
   d - Fulminant Prism                Conjuration/Hexes            4
   e - Iskenderun's Mystic Blast      Conjuration                  4
   f - Iskenderun's Battlesphere      Conjuration/Charms           5
Comestibles
 c - 5 bread rations
 r - a meat ration
 H - a slice of pizza
 I - a chunk of flesh


   Skills:
 - Level 2.5 Dodging
 + Level 4.8 Stealth
 * Level 10.2 Spellcasting
 + Level 6.0 Conjurations


You had 18 spell levels left.
You knew the following spells:

 Your Spells              Type           Power        Failure   Level  Hunger
a - Magic Dart            Conj           ####         1%          1    None
b - Dazzling Spray        Conj/Hex       ###...       8%          3    None
c - Iskenderun's Mystic   Conj           ####....     8%          4    ##.....


Dungeon Overview and Level Annotations

Branches:
Dungeon (8/15)
 Temple: D:4-7         Lair: D:8-11

Altars:
Elyvilon
Qazlal
Xom


Message History

The spray of energy hits the giant frog.
The giant frog is heavily wounded.
The giant frog misses you. The gnoll closely misses you.
The giant frog hits you but does no damage.
The gnoll barely misses you.
Unknown command.
Casting: Dazzling Spray
Confirm with . or Enter, or press ? or * to list all spells.
Aiming: Dazzling Spray
Press: ? - help, Shift-Dir - straight line, f/p - gnoll
Aim: a gnoll, wielding a whip (almost dead)
The spray of energy hits the gnoll.
You kill the gnoll!
Your Conjurations skill increases to level 6!
The spray of energy hits the giant frog.
The giant frog is severely wounded.
The giant frog is dazzled.
The giant frog hits you.
* * * LOW HITPOINT WARNING * * *
The gnoll hits you from afar with a spear!
You die...

## #.
####.########
#....@)g.....
....†.).F..###.
###.##.###.# #
#. # #. #. #.
#.


You could see a giant frog (blind) and a gnoll.

Vanquished Creatures
  A sky beast (D:5)
  A centaur (D:8)
  An ogre (D:5)
  2 scorpions
  A hound (D:4)
  4 orc priests
  A giant frog skeleton (D:4)
  An iguana (D:4)
  5 worker ants
  7 gnolls
  10 adders
  2 oozes
  3 worms
  3 dart slugs
  A giant gecko (D:3)
  13 orcs
  4 giant cockroaches
  7 goblins
  6 hobgoblins
  4 jackals (D:5)
  5 kobolds
  A quokka (D:3)
  2 ball pythons
  8 bats
  3 giant newts
  6 rats
102 creatures vanquished.

Notes
Turn   | Place    | Note
--------------------------------------------------------------
     0 | D:1      | Heedrag the Deep Elf Conjurer began the quest for the Orb.
     0 | D:1      | Reached XP level 1. HP: 10/10 MP: 6/6
    61 | D:1      | Found a shimmering altar of Xom.
   140 | D:1      | Reached XP level 2. HP: 15/15 MP: 0/8
   677 | D:2      | Reached skill level 4 in Spellcasting
   727 | D:2      | Reached XP level 3. HP: 7/19 MP: 3/10
  1031 | D:2      | Learned a level 3 spell: Dazzling Spray
  1251 | D:2      | Found a stormy altar of Qazlal.
  1361 | D:2      | Reached skill level 5 in Spellcasting
  1485 | D:3      | Reached XP level 4. HP: 23/24 MP: 5/13
  1676 | D:3      | Reached skill level 6 in Spellcasting
  1775 | D:3      | Learned a level 4 spell: Iskenderun's Mystic Blast
  1909 | D:3      | Reached XP level 5. HP: 28/28 MP: 10/16
  2062 | D:3      | Found a white marble altar of Elyvilon.
  2180 | D:3      | Reached skill level 7 in Spellcasting
  2359 | D:3      | Reached skill level 8 in Spellcasting
  2507 | D:3      | Reached XP level 6. HP: 28/32 MP: 16/19
  2708 | D:4      | Reached skill level 5 in Conjurations
  3521 | D:4      | Reached skill level 9 in Spellcasting
  3661 | D:5      | Entered Level 5 of the Dungeon
  3697 | D:5      | Reached XP level 7. HP: 36/36 MP: 11/21
  4140 | D:5      | You fall through a shaft for 3 floors!
  4226 | D:8      | Reached skill level 10 in Spellcasting
  4312 | D:7      | HP: 1/36 [giant frog (2)]
  4312 | D:7      | Mangled by a gnoll

Skill      XL: |  1  2  3  4  5  6  7 |
---------------+----------------------+-----
Spellcasting   | 4 5 6 8 9 10 | 10.2
Conjurations   | 5 6 |  6.0
Stealth        | 3 4 |  4.8
Dodging        | |  2.5

Action                   |  1- 3 |  4- 6 |  7- 9 || total
-------------------------+-------+-------+-------++-------
Melee: Spear             |    11 |     9 |     3 ||    23
 Cast: Magic Dart        |    74 |   142 |    32 ||   248
       Dazzling Spray    |     1 |    13 |    20 ||    34
  Eat: Beef jerky        |     1 |       |       ||     1
       Chunk             |       |     4 |       ||     4
       Meat ration       |       |     1 |       ||     1
Armor: Robe              |     2 |     3 |     4 ||     9
Dodge: Dodged            |     7 |    11 |    15 ||    33
